 Dungeon Crawl Stone Soup version 0.22-a0-458-gb446440d2e (webtiles) character file.

98 Lucibear the Insei (level 4, -4/28 HPs)
             Began as an Octopode Transmuter on June 8, 2018.
             Killed by divine providence
             ... invoked by an orc priest
              (10 damage)
             ... on level 3 of the Dungeon.
             The game lasted 00:12:25 (2022 turns).

Lucibear the Insei (Octopode Transmuter)            Turns: 2022, Time: 00:12:26

Health: -4/28      AC:  1    Str:  9    XL:     4   Next: 71%
Magic:  6/7        EV: 14    Int: 15    God:
Gold:   117        SH:  0    Dex: 13    Spells: 1/7 levels left

rFire    . . .     SeeInvis .     - Unarmed
rCold    . . .     Gourm    .   (no shield)
rNeg     . . .     Faith    .   (helmet restricted)
rPois    .         Spirit   .   (no amulet)
rElec    .         Reflect  .   (no ring)
rCorr    .         Harm     .   (no ring)
MR       .....                  (no ring)
Stlth    +++.......             (no ring)
HPRegen  0.09/turn              (no ring)
MPRegen  0.10/turn              (no ring)
                                (no ring)
                                (no ring)

@: no status effects
A: almost no armour, stealthy swim, amphibious, 8 rings, constrict 8, camouflage
1, gelatinous body 1
a: no special abilities


You were on level 3 of the Dungeon.
You were not hungry.

You visited 1 branch of the dungeon, and saw 6 of its levels.

You collected 117 gold pieces.

Inventory:

Hand Weapons
 e - a +3 short sword
Missiles
 a - 48 arrows
 f - 5 javelins of penetration (quivered)
Jewellery
 i - a cursed amulet of the acrobat
Scrolls
 b - 2 scrolls of fog {unknown}
 h - a scroll of amnesia {unknown}
 m - a scroll of magic mapping
 q - a scroll of teleportation {unknown}
 r - a scroll of immolation {unknown}
Potions
 d - a potion of flight {unknown}
 g - a potion of heal wounds
 j - a potion of magic {unknown}
 k - a potion of mutation {unknown}
 l - a potion of berserk rage {unknown}
 n - a potion of lignification {unknown}
 o - a potion of brilliance {unknown}
Comestibles
 c - 2 rations
 p - 2 chunks of flesh


   Skills:
 + Level 1.5 Fighting
 + Level 2.5 Dodging
 + Level 0.9 Stealth
 * Level 3.8 Unarmed Combat
 + Level 2.3 Spellcasting
 * Level 3.0 Transmutations


You had one spell level left.
You knew the following spells:

 Your Spells              Type           Power        Failure   Level  Hunger
a - Beastly Appendage     Tmut           ##....       6%          1    #......
b - Sticks to Snakes      Tmut           ##......     10%         2    ###....
c - Spider Form           Tmut/Pois      #.........   34%         3    ###....

Your spell library contained the following spells:

 Spells                   Type           Power        Failure   Level  Hunger
 Blade Hands              Tmut           ##........   86%         5    ######.
 Ice Form                 Ice/Tmut       #.......     75%         4    #####..


Dungeon Overview and Level Annotations

Branches:
Dungeon (6/15)
 Temple: D:4-7

Altars:


Innate Abilities, Weirdness & Mutations

You cannot wear most types of armour.
You are very stealthy in the water. (Stealth+)
You are amphibious.
You can wear up to eight rings at the same time.
You can use your tentacles to constrict eight enemies at once.
Your skin changes colour to match your surroundings (Stealth+).
Your rubbery body absorbs attacks. (AC +1, EV +1)


Message History

An orc comes into view. It is wielding a whip.
The orc hits you with a dagger.
The orc priest looks braver for a moment.
The orc moves out of view.
The orc priest mumbles some strange prayers to Beogh against you.
Beogh smites you!
Ouch! That really hurt!
* * * LOW HITPOINT WARNING * * *
The orc shouts!
Casting: Beastly Appendage (safe; 6% risk of failure)
Confirm with . or Enter, or press ? or * to list all spells.
You create a snake!
You now have 48 arrows.
The orc hits your ball python with a morningstar.
Your ball python dies!
The orc hits you with a dagger.
* * * LOW HITPOINT WARNING * * *
You see here a club.
The orc priest mumbles some strange prayers to Beogh against you.
Beogh smites you!
You die...

#. #. #. #. #. ##+##
#. ##...## #.####
##.....## ###.@..###
##.......#
#...o....###........[
#.##....<..'...†.....
# #o..(.###.........
#.#.#.# ##.......# #
#o###.# ##.....##
#.##.###.# ##...##
#...o....# ##+##
####.##### ##


You could see an orc priest and 3 orcs.

Vanquished Creatures
  An adder (D:2)
  A gnoll (D:1)
  An ooze (D:1)
  A worm (D:2)
  A dart slug (D:1)
  A leopard gecko (D:1)
  2 giant cockroaches
  10 hobgoblins
  3 jackals (D:2)
  11 kobolds
  2 ball pythons
  9 bats
  2 frilled lizards
  4 goblins
  A leopard gecko skeleton (D:5)
  7 rats
57 creatures vanquished.

Vanquished Creatures (collateral kills)
  An adder (D:3)
1 creature vanquished.

Grand Total: 58 creatures vanquished

Notes
Turn   | Place    | Note
-------+----------+-------------------------------------------
     0 | D:1      | Lucibear the Octopode Transmuter began the quest for the Orb.
     0 | D:1      | Reached XP level 1. HP: 13/13 MP: 3/3
   107 | D:1      | Reached XP level 2. HP: 4/18 MP: 5/5
   420 | D:1      | Reached XP level 3. HP: 18/23 MP: 4/6
   745 | D:2      | Learned a level 2 spell: Sticks to Snakes
   762 | D:2      | Learned a level 3 spell: Spider Form
  1252 | D:2      | Reached XP level 4. HP: 24/28 MP: 5/7
  1848 | D:5      | Entered Level 5 of the Dungeon
  1866 | D:6      | Noticed a bullfrog
  2022 | D:3      | Killed from afar by an orc priest

Vault maps used:
D:1:      dpeg_arrival_concentric_ovals
D:3:      chequers_ecumenical_altar_simple_redux
D:4:      minmay_statues_item
D:5:      lemuel_insect_pit, first_ration, serial_shops, shop_statue,
          nicolae_ru_awakened_eye
D:6:      portal_sewer_entry_d, uniq_duvessa

Skill      XL: |  1  2  3  4 |
---------------+-------------+-----
Transmutations | 3 |  3.0
Fighting       | |  1.5
Dodging        | |  2.5
Stealth        | |  0.9
Unarmed Combat | |  3.8
Spellcasting   | |  2.3

Action                   |  1- 3 |  4- 6 || total
-------------------------+-------+-------++-------
Melee: Unarmed           |    60 |    54 ||   114
       Constrict         |    17 |    10 ||    27
       Kick              |    13 |     5 ||    18
       Tentacles         |     8 |     6 ||    14
       Punch             |     1 |       ||     1
Throw: Javelin           |     1 |       ||     1
 Cast: Beastly Appendage |    13 |     9 ||    22
       Sticks to Snakes  |       |     2 ||     2
  Use: Scroll            |     4 |       ||     4
       Potion            |       |     1 ||     1
 Stab: Sleeping          |       |     5 ||     5
  Eat: Chunk             |     1 |     3 ||     4
Armor: Skin              |     5 |     4 ||     9
Dodge: Dodged            |    36 |    44 ||    80

Table legend:
 A = Spawn XP
 B = Non-spawn XP
 C = Spawn XP percentage of total XP
 D = Spawn monster count
 E = Non-spawn monster count
 F = Spawn count percentage of total count
 G = Total turns spent on level
                    A         B        C        D         E        F      G
               +---------+---------+-------+---------+---------+-------+---------
         Total |       0 |     141 |   0.0 |       0 |      58 |   0.0 |  2022
               +---------+---------+-------+---------+---------+-------+---------
           D:1 |       0 |      64 |   0.0 |       0 |      27 |   0.0 |   981
           D:2 |       0 |      55 |   0.0 |       0 |      23 |   0.0 |   845
           D:3 |       0 |      20 |   0.0 |       0 |       6 |   0.0 |   126
           D:5 |       0 |       2 |   0.0 |       0 |       2 |   0.0 |    37
               +---------+---------+-------+---------+---------+-------+---------
